 Dungeon Crawl Stone Soup version 0.30-a0-782-ge64f9170bb (webtiles) character file.

Game seed: 17611072276125260243

38 Barriton the Firebug (level 3, 0/26 HPs)
             Began as a Draconian Fire Elementalist on Feb 21, 2023.
             Slain by Robin
             ... wielding a +0 club
              (1 damage)
             ... on level 2 of the Dungeon.
             The game lasted 00:01:45 (1343 turns).

Barriton the Firebug (Draconian Fire Elementalist)  Turns: 1343, Time: 00:01:46

Health: 0/26       AC:  5    Str: 10    XL:     3   Next: 25%
Magic:  2/6        EV: 12    Int: 17    God:
Gold:   37         SH:  0    Dex: 11    Spells: 5/6 levels left

rFire   . . .      SeeInvis .    (no weapon)
rCold   . . .      Faith    .    (no shield)
rNeg    . . .      Spirit   .    (body armour unavailable)
rPois   .          Reflect  .    (helmet restricted)
rElec   .          Harm     .    (no cloak)
rCorr   .          Rampage  .    (no gloves)
Will    .....                    (no boots)
Stlth   ++                       (no amulet)
HPRegen 0.24/turn                (no ring)
MPRegen 0.10/turn                (no ring)

@: no status effects
A: AC +5, unfitting armour, cold-blooded
a: no special abilities


You were on level 2 of the Dungeon.
You visited 1 branch of the dungeon, and saw 2 of its levels.

You collected 37 gold pieces.

Inventory:

Potions
 c - a potion of haste
 d - a potion of heal wounds {unknown}
 f - a potion of resistance {unknown}


   Skills:
 + Level 2.1 Dodging
 + Level 1.8 Stealth
 + Level 0.4 Unarmed Combat
 + Level 2.3 Spellcasting
 + Level 1.2 Conjurations
 + Level 3.6 Fire Magic


You had 5 spell levels left.
You knew the following spells:

 Your Spells              Type           Power      Damage    Failure   Level
a - Foxfire               Conj/Fire      40%        2x1d6     7%          1

Your spell library contained the following spells:

 Spells                   Type           Power      Damage    Failure   Level
 Scorch                   Fire           28%        2d6       6%          2
 Inner Flame              Hex/Fire       8%         N/A       26%         3
 Kindle Blastsparks       Fire/Tloc/Air  12%        2d11      34%         3
 Flame Wave               Conj/Fire      10%        2d6       56%         4


Dungeon Overview and Level Annotations

Branches:
Dungeon (2/15)

Altars:

Annotations:
D:2 Robin


Innate Abilities, Weirdness & Mutations

Your plain brown scales are hard. (AC +5)
You cannot fit into any form of body armour.
You are cold-blooded and may be slowed by cold attacks.


Message History

You conjure some foxfire!
The goblin barely misses you. x2
Your foxfire dissipates!
The goblin attacks as you move away! The goblin hits you with a +0 club.
* * * LOW HITPOINT WARNING * * *
Found 8 gold pieces.
The foxfire hits the goblin.
You kill the goblin!
Casting: Foxfire (safe; 7% risk of failure)
Confirm with . or Enter, or press ? or * to list all spells.
You conjure some foxfire!
The goblin closely misses you.
Your foxfire dissipates!
The foxfire hits the goblin.
You kill the goblin!
The goblin attacks as you move away! The goblin misses you.
Robin roars a battlecry!
The goblins go into a battle-frenzy!
The goblin hits you with a +0 dagger.
* * * LOW HITPOINT WARNING * * *
Casting: Foxfire (safe; 7% risk of failure)
Confirm with . or Enter, or press ? or * to list all spells.
You conjure some foxfire!
The goblin hits you with a +0 club.
* * * LOW HITPOINT WARNING * * *
The goblin hits you with a +0 dagger.
* * * LOW HITPOINT WARNING * * *
Robin roars a battlecry!
The goblin goes into a battle-frenzy!
Your foxfire dissipates!
The foxfire hits the goblin.
You kill the goblin!
The goblin barely misses you. Robin barely misses you.
The goblin attacks as you move away! The goblin hits you but does no damage.
Found 14 gold pieces.
A goblin comes into view. It is wielding a +0 club.
Robin hits you with a +0 club.
* * * LOW HITPOINT WARNING * * *
The goblin unwields a +0 club.
The goblin wields a +1 sling of flaming.
It bursts into flame!
The goblin shoots a sling bullet.
The sling bullet barely misses you. Robin attacks as you move away!
Robin hits you with a +0 club.
You die...

#$# ####.# #.
#..).# #. #)#).#
#.. #.#g.# .##..
#.#.g#
......#g#..# #
.#....#.#gg#.##.##
.......gg.@......$
......#.#..#.##+##
.##.#...#.#..#...
.........#.#..#
....
.....#...#.#..#
.....
........#.#..#
#+#.
###.....##.#..#
........##.#..#
........##.#..#


You could see Robin and 5 goblins.

Vanquished Creatures
  A dart slug (D:1)
  2 endoplasms (D:1)
  A giant cockroach (D:1)
  6 goblins (D:2)
  4 hobgoblins
  4 jackals (D:2)
  A quokka (D:1)
  2 ball pythons (D:1)
  2 frilled lizards (D:1)
  4 kobolds (D:1)
  6 rats (D:1)
33 creatures vanquished.

Vanquished Creatures (others)
  78 foxfires
78 creatures vanquished.

Grand Total: 111 creatures vanquished

Notes
Turn   | Place    | Note
-------+----------+-------------------------------------------
     0 | D:1      | Barriton the Draconian Fire Elementalist began the quest
                  | for the Orb.
     0 | D:1      | Reached XP level 1. HP: 14/14 MP: 3/3
   464 | D:1      | Reached XP level 2. HP: 20/20 MP: 0/5
  1305 | D:2      | Reached XP level 3. HP: 13/26 MP: 0/6
  1305 | D:2      | Noticed Robin
  1341 | D:2      | HP: 1/26 [Robin/+0 club (1)]
  1343 | D:2      | Slain by Robin

Illustrated notes

Levels and vault maps discovered:
D:1:      dpeg_arrival_ratfight, layout_loops_ring, hangedman_decor_push
D:2:      kennysheep_big_flooded_room, layout_basic, basic_altar,
          hangedman_abyss_or_decor_lesser_grid, uniq_natasha, uniq_terence,
          uniq_robin

Skill      XL: |  1  2 |
---------------+-------+-----
Dodging        | 2 |  2.1
Stealth        | |  1.8
Unarmed Combat | |  0.4
Spellcasting   | |  2.3
Conjurations   | |  1.2
Fire Magic     | |  3.6

Action                     || total
---------------------------++-------
  Melee: Unarmed           ||    28
         Tailslap          ||     6
   Cast: Foxfire           ||    57
    Use: Scroll            ||     2
         Potion            ||     1
 Armour: Skin              ||    20
  Dodge: Dodged            ||    59

Table legend: (Time is in decaauts)
 A = Elapsed time spent in this place.
 B = Non-inter-level travel time spent in this place.
 C = Inter-level travel time spent in this place.
 D = Time resting spent in this place.
 E = Time spent auto-exploring this place.
 F = Levels seen in this place.
 G = Mean time per level.
                   A        B        C        D        E       F      G
               +--------+--------+--------+--------+--------+-----+--------+
         Total |   1342 |   1314 |     28 |      0 |   1119 |   2 |  671.0 |
       Dungeon |   1342 |   1314 |     28 |      0 |   1119 |   2 |  671.0 |
               +--------+--------+--------+--------+--------+-----+--------+

Top non-repeatable levels by time:
     D:1: 1298 daAuts
     D:2: 44 daAuts
